 Dungeon Sprint DCSS version 0.24.0-41-g2ae2f7f1be (webtiles) character file.

Game seed: 8865012726428337112, levelgen mode: deterministic

79 McKennaii the Skirmisher (level 4, 13/39 HPs)
             Began as a Demonspawn Fighter on Dec 9, 2019.
             Got out of the dungeon alive.
             The game lasted 00:00:28 (127 turns).

McKennaii the Skirmisher (Demonspawn Fighter)        Turns: 127, Time: 00:00:29

Health: 13/39      AC:  9    Str: 17    XL:     4   Next: 17%
Magic:  4/4        EV:  7    Int:  9    God:
Gold:   0          SH:  9    Dex: 13    Spells: 3/3 levels left

rFire    . . .     SeeInvis .   a - +0 long sword
rCold    . . .     Gourm    .   c - +0 shield
rNeg     . . .     Faith    .   b - +0 scale mail
rPois    .         Spirit   .   (no helmet)
rElec    .         Reflect  .   (no cloak)
rCorr    .         Harm     .   (no gloves)
MR       .....     NoTele   +   (no boots)
Stlth    +.........             (no amulet)
HPRegen  0.13/turn              (no ring)
MPRegen  0.09/turn              (no ring)

@: no status effects
A: talons 1, thin metallic scales 1, nightstalker 1
a: no special abilities


You escaped.
You were not hungry.

You visited 1 branch

Inventory:

Hand Weapons
 a - a +0 long sword (weapon)
Armour
 b - a +0 scale mail (worn)
 c - a +0 shield (worn)
Scrolls
 k - a scroll of blinking
Potions
 d - a potion of might
 e - a potion of curing
 g - a potion of heal wounds
 h - a potion of haste
 i - 2 potions of magic
 j - a potion of berserk rage
Comestibles
 f - a ration


   Skills:
 + Level 5.0 Fighting
 * Level 4.0 Long Blades
 + Level 4.3 Armour
 + Level 0.5 Dodging
 + Level 4.7 Shields


You had 3 spell levels left.
You didn't know any spells.
Your spell library was empty.

Dungeon Overview and Level Annotations

Branches:
Dungeon (1/1)

Altars:


Innate Abilities, Weirdness & Mutations

You have sharp toenails.
You are partially covered in thin metallic scales. (AC +2)
You are slightly more attuned to the shadows.


Message History

There is an open door, spattered with blood here.
Items here: ) [ †† a +0 dagger; a +0 robe; a giant cockroach corpse; an adder corpse Autopickup is now off.
Autopickup is now on.
Things that are here:
a +0 dagger; a +0 robe; an orc corpse
There is an open door to the Dungeon, spattered with blood here.
Things that are here:
a bat corpse; a giant cockroach corpse; a bat corpse
There is a staircase leading out of the dungeon here.
Are you sure you want to leave the Dungeon?
This will make you lose the game!
Alright, then stay!
You can't go down here!
Are you sure you want to leave the Dungeon?
This will make you lose the game!
Uppercase [Y]es or [N]o only, please.
Are you sure you want to leave the Dungeon?
This will make you lose the game!
Uppercase [Y]es or [N]o only, please.
Are you sure you want to leave the Dungeon?
This will make you lose the game!
You have escaped! ▓▓▓▓▓▓▓▓▓▓▓▓▓▓▓▓▓▓ ▓@...†...).).....+ ▓▓▓▓▓▓▓▓▓▓▓▓▓▓▓▓▓▓

There were no monsters in sight!

Vanquished Creatures
  2 orc wizards (D)
  An adder (D)
  An adder zombie (D)
  2 bats (D)
  2 giant cockroaches (D)
  A hobgoblin (D)
  A rat (D)
10 creatures vanquished.

Notes
Turn   | Place    | Note
-------+----------+-------------------------------------------
     0 | D        | McKennaii the Demonspawn Fighter began the quest for the
                  | Orb.
     0 | D        | Reached XP level 1. HP: 18/18 MP: 1/1
    81 | D        | Noticed an orc wizard
    81 | D        | Noticed an orc wizard
    87 | D        | Killed an orc wizard
    87 | D        | Reached skill level 4 in Fighting
    87 | D        | Gained mutation: You are slightly more attuned to the
                  | shadows. [demonic ancestry]
    87 | D        | Reached XP level 2. HP: 18/26 MP: 2/2
    87 | D        | Gained mutation: You have sharp toenails. [demonic
                  | ancestry]
    87 | D        | Reached XP level 3. HP: 21/31 MP: 3/3
   108 | D        | Reached skill level 5 in Fighting
   108 | D        | Gained mutation: You are partially covered in thin metallic
                  | scales. (AC +2) [demonic ancestry]
   108 | D        | Reached XP level 4. HP: 10/39 MP: 4/4
   127 | D        | Got out of the dungeon alive.

Levels and vault maps discovered:
D:        linesprint [early_d, line_temple, items_1, d_10, items_2, lair_1,
          lair_end, items_3, orc_1, orc_end, items_4, d_15, swamp_1, shoals_1,
          snake_1, spider_1, d_20, vaults_1, items_5, swamp_end, shoals_end,
          snake_end, spider_end, vaults_end, d_27, items_6, zot_1, zot_end,
          crypt_end, forest_end, elf_end, slime_end, tomb_end, abyss_end,
          pan_hell_end]

Skill      XL: |  1  2  3  4 |
---------------+-------------+-----
Long Blades    | 3 4 |  4.0
Shields        | 4 |  4.7
Armour         | 3 4 |  4.3
Fighting       | 4 5 |  5.0
Dodging        | |  0.5

Action                   |  1- 3 |  4- 6 || total
-------------------------+-------+-------++-------
Melee: Long sword        |    38 |     2 ||    40
       Kick              |     8 |     1 ||     9
Armor: Scale mail        |    21 |     1 ||    22
Dodge: Dodged            |    16 |     1 ||    17
Block: Shield            |    19 |     1 ||    20
       Rpst.: Long sword |     3 |     1 ||     4
